MWL (24 & UNDER)
COLUMBIA 08S @ LEE'S SUMMIT TIGERS
04/15/2023
 
TOP OF THE 1ST
Columbia 08s batting - Pitching for Lee's Summit Tigers : RHP Reid Mapstone
Pitching: RHP Reid Mapstone
Batting: RHB Luis Maldonado 0-0: Ball
1-0: Ball
2-0: Foul Ball, location: 2F
2-1: Ball
3-1: Called Strike
3-2: Foul Ball, location: 2F
3-2: Strikes out swinging
Batting: RHB Vic Langlois 0-0: Ball
1-0: Swinging Strike
1-1: Swinging Strike
1-2: Strikes out swinging
Batting: RHB Ryosei Yamamoto 0-0: Foul Ball, location: 2F
0-1: Foul Ball, location: 2F
0-2: Strikes out swinging
Top of the 1st over - 0 run(s), 0 hit(s), 0 error(s), 0 left on base; Columbia 0 - Lee's Summit 0
BOTTOM OF THE 1ST
Lee's Summit Tigers batting - Pitching for Columbia 08s : LHP Júlio Gracía
Pitching: LHP Júlio Gracía
Batting: RHB Norberto Taváres 0-0: Ball
1-0: Called Strike
1-1: Foul Ball, location: 2F
1-2: Ball
2-2: Fly out, F9 (Line Drive, 9LM)
Batting: LHB Juan Hinojosa 0-0: Ball
1-0: Foul Ball, location: 2F
1-1: Called Strike
1-2: Ball
2-2: Reached on error, E1 (Groundball, 23)
Batting: RHB Andrés Lara 0-0: Ball
1-0: Foul Ball, location: 2F
1-1: Ball
2-1: Called Strike
2-2: Ball
3-2: Base on Balls
Juan Hinojosa to second
Batting: SHB Martín Medina 0-0: Called Strike
0-1: Fly out, F8 (Flyball, 8LD)
Runner from 2nd tags up, SAFE at 3rd, no throw
Batting: RHB Luis Sánchez 0-0: Ball
1-0: Ball
2-0: Called Strike
2-1: SINGLE (Line Drive, 78S)
Juan Hinojosa scores
Andrés Lara to second
Batting: RHB Carlos Flores 0-0: Swinging Strike
0-1: Ball
1-1: SINGLE (Line Drive, 4MD)
Andrés Lara to third
Luis Sánchez to second
Runner from 3rd tries for Home, throw and OUT!
Bottom of the 1st over - 1 run(s), 2 hit(s), 1 error(s), 2 left on base; Columbia 0 - Lee's Summit 1
TOP OF THE 2ND
Columbia 08s batting - Pitching for Lee's Summit Tigers : RHP Reid Mapstone
Batting: LHB Gino Canio 0-0: Ball
1-0: Called Strike
1-1: Called Strike
1-2: Foul Ball, location: 2F
1-2: Foul Ball, location: 2F
1-2: Ball
2-2: Ball
3-2: Foul Ball, location: 2F
3-2: Strikes out swinging
Batting: LHB José Costa 0-0: Ball
1-0: Called Strike
1-1: Swinging Strike
1-2: Ball
2-2: Strikes out swinging
Batting: RHB Barton Frazier 0-0: Ball
1-0: SINGLE (Groundball, 56D)
Batting: SHB Roberto Rivera 0-0: Called Strike
0-1: Swinging Strike
0-2: Ball
1-2: Foul Ball, location: 2F
1-2: DOUBLE (Line Drive, 9LS)
Barton Frazier to third
Batting: RHB Felipe Rodríguez 0-0: Ball
1-0: Ball
2-0: Swinging Strike
2-1: Foul Ball, location: 2F
2-2: Ground out 5-3 (Groundball, 56S)
Top of the 2nd over - 0 run(s), 2 hit(s), 0 error(s), 2 left on base; Columbia 0 - Lee's Summit 1
BOTTOM OF THE 2ND
Lee's Summit Tigers batting - Pitching for Columbia 08s : LHP Júlio Gracía
Batting: RHB António Gonzáles 0-0: Ball
1-0: Ball
2-0: DOUBLE (Groundball, 5L)
Batting: SHB Francisco Ávila 0-0: Called Strike
0-1: Foul Ball, location: 2F
0-2: Fly out, F4 (Popup, 4MD)
Batting: RHB Doug Delaney 0-0: Ball
1-0: Ball
2-0: Ball
3-0: Foul Ball, location: 2F
3-1: Called Strike
3-2: Strikes out swinging
Batting: RHB Norberto Taváres 0-0: Ground out 6-3 (Groundball, 6)
Bottom of the 2nd over - 0 run(s), 1 hit(s), 0 error(s), 1 left on base; Columbia 0 - Lee's Summit 1
TOP OF THE 3RD
Columbia 08s batting - Pitching for Lee's Summit Tigers : RHP Reid Mapstone
Batting: LHB Brock Larsen 0-0: Ball
1-0: Called Strike
1-1: Ball
2-1: Fly out, F7 (Popup, 78S)
Batting: RHB Luis Maldonado 0-0: Called Strike
0-1: Ball
1-1: Foul Ball, location: 2F
1-2: Foul Ball, location: 2F
1-2: Ball
2-2: Foul Ball, location: 2F
2-2: Strikes out swinging
Batting: RHB Vic Langlois 0-0: Called Strike
0-1: Ball
1-1: Ball
Reached via error on a dropped throw, E3
Batting: RHB Ryosei Yamamoto 0-0: Called Strike
0-1: Ball
1-1: Swinging Strike
1-2: Strikes out swinging
Top of the 3rd over - 0 run(s), 0 hit(s), 1 error(s), 1 left on base; Columbia 0 - Lee's Summit 1
BOTTOM OF THE 3RD
Lee's Summit Tigers batting - Pitching for Columbia 08s : LHP Júlio Gracía
Batting: LHB Juan Hinojosa 0-0: Foul Ball, location: 2F
0-1: Bunt missed!
0-2: Ground out 4-3 (Groundball, 34)
Batting: RHB Andrés Lara 0-0: SOLO HOME RUN (Flyball, 7LD), Distance : 329 ft
Batting: SHB Martín Medina 0-0: Called Strike
0-1: Ground out 4-3 (Groundball, 4M)
Batting: RHB Luis Sánchez 0-0: Ball
1-0: Ball
2-0: Called Strike
2-1: Foul Ball, location: 2F
2-2: Strikes out looking
Bottom of the 3rd over - 1 run(s), 1 hit(s), 0 error(s), 0 left on base; Columbia 0 - Lee's Summit 2
TOP OF THE 4TH
Columbia 08s batting - Pitching for Lee's Summit Tigers : RHP Reid Mapstone
Batting: LHB Gino Canio 0-0: Ball
1-0: Fly out, F7 (Line Drive, 78M)
Batting: LHB José Costa 0-0: Called Strike
0-1: Foul Ball, location: 2F
0-2: Strikes out swinging
Batting: RHB Barton Frazier 0-0: Called Strike
0-1: Ball
1-1: Called Strike
1-2: Ball
2-2: Strikes out swinging
Top of the 4th over - 0 run(s), 0 hit(s), 0 error(s), 0 left on base; Columbia 0 - Lee's Summit 2
BOTTOM OF THE 4TH
Lee's Summit Tigers batting - Pitching for Columbia 08s : LHP Júlio Gracía
Batting: RHB Carlos Flores 0-0: Ball
1-0: Swinging Strike
1-1: Ball
2-1: Called Strike
2-2: Strikes out looking
Batting: RHB António Gonzáles 0-0: SINGLE (Line Drive, 78S)
Batting: SHB Francisco Ávila 0-0: Ball
1-0: Swinging Strike
1-1: Ball
2-1: Ball
3-1: Fly out, F7 (Flyball, 7LM)
Batting: RHB Doug Delaney 0-0: Called Strike
0-1: Ball
1-1: Ground out 4-3 (Groundball, 4)
Bottom of the 4th over - 0 run(s), 1 hit(s), 0 error(s), 1 left on base; Columbia 0 - Lee's Summit 2
TOP OF THE 5TH
Columbia 08s batting - Pitching for Lee's Summit Tigers : RHP Reid Mapstone
Batting: SHB Roberto Rivera 0-0: Called Strike
0-1: Swinging Strike
0-2: Strikes out swinging
Batting: RHB Felipe Rodríguez 0-0: Called Strike
0-1: Foul Ball, location: 2F
0-2: Ball
1-2: Foul Ball, location: 2F
1-2: Strikes out swinging
Batting: LHB Brock Larsen 0-0: Ball
1-0: Ball
2-0: Ball
3-0: Base on Balls
Batting: RHB Luis Maldonado 0-0: Ball
1-0: Ground out 6-3 (Groundball, 6)
Top of the 5th over - 0 run(s), 0 hit(s), 0 error(s), 1 left on base; Columbia 0 - Lee's Summit 2
BOTTOM OF THE 5TH
Lee's Summit Tigers batting - Pitching for Columbia 08s : LHP Júlio Gracía
Batting: RHB Norberto Taváres 0-0: SINGLE (Flyball, 78S)
Batting: LHB Juan Hinojosa 0-0: Ball
1-0: Swinging Strike
1-1: Grounds into double play, 6-4-3 (Groundball, 6)
Batting: RHB Andrés Lara 0-0: Called Strike
0-1: Foul Ball, location: 2F
0-2: Ground out 6-3 (Groundball, 56)
Bottom of the 5th over - 0 run(s), 1 hit(s), 0 error(s), 0 left on base; Columbia 0 - Lee's Summit 2
TOP OF THE 6TH
Columbia 08s batting - Pitching for Lee's Summit Tigers : RHP Reid Mapstone
Batting: RHB Vic Langlois 0-0: Foul Ball, location: 2F
0-1: Ball
1-1: Swinging Strike
1-2: Reached on error, E6 (Groundball, 6)
Pitching: RHP Craig Adams
Batting: RHB Ryosei Yamamoto 0-0: DOUBLE (Line Drive, 7LD)
Vic Langlois to third
Batting: LHB Gino Canio 0-0: Called Strike
0-1: Ball
1-1: Ball
2-1: Ball
3-1: Base on Balls
Batting: LHB José Costa 0-0: Called Strike
0-1: Ball
1-1: Called Strike
1-2: Ball
2-2: Foul Ball, location: 2F
2-2: Foul Ball, location: 2F
2-2: Foul Ball, location: 2F
2-2: Ball
3-2: Fielders Choice at 2nd, 6-4 (Groundball, 6)
Vic Langlois scores
Ryosei Yamamoto to third
Batting: RHB Barton Frazier 0-0: Swinging Strike
0-1: Ball
1-1: Fielders Choice at 2nd, 1-6 (Groundball, 15)
Batting: SHB Roberto Rivera 0-0: Ball
1-0: Foul Ball, location: 2F
1-1: Ball
2-1: Ball
Barton Frazier steals 2nd base
3-1: Ground out 4-3 (Groundball, 4M)
Top of the 6th over - 1 run(s), 1 hit(s), 1 error(s), 2 left on base; Columbia 1 - Lee's Summit 2
BOTTOM OF THE 6TH
Lee's Summit Tigers batting - Pitching for Columbia 08s : LHP Júlio Gracía
Batting: SHB Martín Medina 0-0: Called Strike
0-1: Ball
1-1: Ball
2-1: Foul Ball, location: 2F
2-2: Ball
3-2: Foul Ball, location: 2F
3-2: Foul Ball, location: 2F
3-2: SINGLE (Line Drive, 7LM)
Batting: RHB Luis Sánchez 0-0: Ball
Martín Medina steals 2nd base
1-0: Called Strike
1-1: Ground out 6-3 (Groundball, 6)
Martín Medina to third
Batting: RHB Carlos Flores 0-0: Ball
1-0: Swinging Strike
1-1: Ball
2-1: DOUBLE (Flyball, 9LM)
Martín Medina scores
Pitching: LHP Ed Stevens
Batting: RHB António Gonzáles 0-0: Ball
1-0: Called Strike
1-1: Ball
2-1: Foul Ball, location: 2F
2-2: SINGLE (Line Drive, 78S)
Carlos Flores to third
Batting: SHB Francisco Ávila 0-0: Ball
1-0: Ball
Wild Pitch!
Carlos Flores scores
António Gonzáles to second
2-0: Foul Ball, location: 2F
2-1: Ground out 6-3 (Groundball, 6)
Batting: RHB Doug Delaney 0-0: Swinging Strike
0-1: Fly out, F3 (Popup, 3F)
Bottom of the 6th over - 2 run(s), 3 hit(s), 0 error(s), 1 left on base; Columbia 1 - Lee's Summit 4
TOP OF THE 7TH
Columbia 08s batting - Pitching for Lee's Summit Tigers : RHP Craig Adams
Batting: RHB Felipe Rodríguez 0-0: Foul Ball, location: 2F
0-1: Ball
1-1: Ball
2-1: SINGLE (Groundball, 6MD)
Batting: LHB Brock Larsen 0-0: Ball
1-0: Fly out, F7 (Flyball, 7M)
Batting: RHB Luis Maldonado 0-0: Ball
1-0: Fly out, F1 (Line Drive, 13S)
Batting: RHB Vic Langlois 0-0: Foul Ball, location: 2F
0-1: Called Strike
0-2: Ball
1-2: Ball
2-2: Foul Ball, location: 2F
2-2: Strikes out swinging
Top of the 7th over - 0 run(s), 1 hit(s), 0 error(s), 1 left on base; Columbia 1 - Lee's Summit 4
BOTTOM OF THE 7TH
Lee's Summit Tigers batting - Pitching for Columbia 08s : LHP Ed Stevens
Batting: RHB Norberto Taváres 0-0: Swinging Strike
0-1: Swinging Strike
0-2: Ball
1-2: Strikes out swinging
Batting: LHB Juan Hinojosa 0-0: Ball
1-0: Ball
2-0: Ball
3-0: Base on Balls
Batting: RHB Andrés Lara 0-0: Ball
1-0: Ball
Passed Ball!
Juan Hinojosa to second
2-0: Ground out 6-3 (Groundball, 6)
Batting: SHB Martín Medina 0-0: Ball
1-0: Called Strike
1-1: Called Strike
1-2: Fly out, F8 (Flyball, 8LM)
Bottom of the 7th over - 0 run(s), 0 hit(s), 0 error(s), 1 left on base; Columbia 1 - Lee's Summit 4
TOP OF THE 8TH
Columbia 08s batting - Pitching for Lee's Summit Tigers : RHP Craig Adams
Pitching: RHP Bryan Allen
Now in CF: Pedro Ramírez
Batting: RHB Ryosei Yamamoto 0-0: Ball
1-0: Ball
2-0: Called Strike
2-1: SINGLE (Line Drive, 4D)
Pitching: RHP Enrique Paredes
Batting: LHB Gino Canio 0-0: Ball
1-0: Called Strike
1-1: Ball
Wild Pitch!
Ryosei Yamamoto to second
2-1: Fly out, F8 (Line Drive, 8RM)
Batting: LHB José Costa 0-0: Called Strike
0-1: Ball
1-1: Ball
2-1: Ball
3-1: Base on Balls
Batting: RHB Barton Frazier 0-0: Foul Ball, location: 2F
0-1: Swinging Strike
0-2: Ball
1-2: Grounds into double play, 1-4-3 (Groundball, 15)
Top of the 8th over - 0 run(s), 1 hit(s), 0 error(s), 1 left on base; Columbia 1 - Lee's Summit 4
BOTTOM OF THE 8TH
Lee's Summit Tigers batting - Pitching for Columbia 08s : LHP Ed Stevens
Batting: RHB Luis Sánchez 0-0: Called Strike
0-1: Ball
1-1: Fly out, F9 (Flyball, 89XD)
Pitching: RHP Danny Johnston
Batting: RHB Carlos Flores 0-0: Foul Ball, location: 2F
0-1: Called Strike
0-2: Ball
1-2: Ball
2-2: Foul Ball, location: 2F
2-2: Ball
3-2: Strikes out swinging
Batting: RHB António Gonzáles 0-0: Called Strike
0-1: Ball
1-1: Called Strike
1-2: Ground out 5-3 (Groundball, 56)
Bottom of the 8th over - 0 run(s), 0 hit(s), 0 error(s), 0 left on base; Columbia 1 - Lee's Summit 4
TOP OF THE 9TH
Columbia 08s batting - Pitching for Lee's Summit Tigers : RHP Enrique Paredes
Pitching: RHP Javier Pacheco
Batting: SHB Roberto Rivera 0-0: SINGLE (Line Drive, 9LS)
Batting: RHB Felipe Rodríguez 0-0: Called Strike
0-1: Swinging Strike
0-2: Ball
1-2: Ball
2-2: Foul Ball, location: 2F
2-2: Fly out, F7 (Flyball, 7M)
Batting: LHB Brock Larsen 0-0: Fly out, F7 (Line Drive, 78S)
Batting: RHB Luis Maldonado 0-0: Fielders Choice at 2nd, U6 (Groundball, 6M)
Top of the 9th over - 0 run(s), 1 hit(s), 0 error(s), 1 left on base; Columbia 1 - Lee's Summit 4
This league is powered by Out of the Park Baseball, the baseball management simulation game for PC, Mac and Linux
Wednesday, December 2nd, 2015 - OOTP Baseball 16.8 Build 38